 Dungeon Crawl Stone Soup version 0.29-a0-802-g34511f41fd (webtiles) character file.

Game seed: 12476302021711273668

29 polve the Cutter (level 3, 0/29 HPs)
             Began as a Demonspawn Abyssal Knight on July 3, 2022.
             Was a Believer of Lugonu.
             Slain by a hobgoblin (1 damage)
             ... on level 2 of the Dungeon.
             The game lasted 00:01:00 (2436 turns).

polve the Cutter (Demonspawn Abyssal Knight)        Turns: 2436, Time: 00:01:00

Health: 0/29       AC:  3    Str: 15    XL:     3   Next: 1%
Magic:  4/4        EV: 11    Int: 11    God:    Lugonu [**....]
Gold:   45         SH:  0    Dex: 13    Spells: 2/2 levels left

rFire   . . .      SeeInvis .   g - +1 dagger (speed)
rCold   . . .      Faith    .   (no shield)
rNeg    . . .      Spirit   .   b - +0 leather armour
rPois   .          Reflect  .   (helmet restricted)
rElec   .          Harm     .   (no cloak)
rCorr   .          Rampage  .   (no gloves)
Will    .....                   (no boots)
Stlth   +.........              (no amulet)
HPRegen 0.09/turn               (no ring)
MPRegen 0.18/turn               (no ring)

@: no status effects
A: horns 1, magic regeneration
a: Renounce Religion, Depart the Abyss, Bend Space


You were on level 2 of the Dungeon.
You worshipped Lugonu.
Lugonu was pleased with you.
You visited 1 branch of the dungeon, and saw 2 of its levels.
You visited the Abyss 1 time.

You collected 45 gold pieces.

Inventory:

Hand Weapons
 g - a +1 dagger of speed (weapon)
Armour
 b - a +0 leather armour (worn)
Scrolls
 a - a scroll of noise {unknown}
 c - 2 scrolls of identify {unknown}
 d - a scroll of magic mapping {unknown}
 f - a scroll of teleportation {unknown}
 h - a scroll of enchant weapon {unknown}
 i - a scroll of torment {unknown}
Potions
 e - a potion of curing {unknown}


   Skills:
 - Level 3.0 Fighting
 + Level 3.2 Short Blades
 - Level 1.7 Armour
 - Level 0.8 Dodging
 - Level 2.4 Invocations


You had 2 spell levels left.
You didn't know any spells.
Your spell library contained the following spells:

 Spells                   Type           Power      Damage    Failure   Level
 Apportation              Tloc           0%         N/A       41%         1
 Necrotise                Necr           0%         1d4       41%         1
 Summon Small Mammal      Summ           0%         N/A       41%         1


Dungeon Overview and Level Annotations

Branches:
Dungeon (2/15)

Altars:

Shops:
D:1 ?


Innate Abilities, Weirdness & Mutations

You have a pair of small horns on your head.
You regenerate magic rapidly.


Message History

HP restored.
a - a scroll labelled NASCHO YFUYTACAE
h - a scroll labelled ADGHIOMNIU TYNN
i - a scroll labelled QOOGESHR VOISHRIYHU A hobgoblin comes into view.
The hobgoblin shouts!
A hobgoblin is nearby!
A hobgoblin is nearby!
The hobgoblin hits you. The hobgoblin hits you. The hobgoblin misses you.
The hobgoblin misses you. The hobgoblin hits you. The hobgoblin hits you.
The hobgoblin closely misses you. The hobgoblin hits you.
The hobgoblin barely misses you. The hobgoblin closely misses you.
The hobgoblin hits you. The hobgoblin closely misses you.
The hobgoblin hits you.
* * * LOW HITPOINT WARNING * * *
The hobgoblin hits you.
* * * LOW HITPOINT WARNING * * *
The hobgoblin closely misses you. The hobgoblin hits you.
* * * LOW HITPOINT WARNING * * *
The hobgoblin misses you. The hobgoblin closely misses you.
The hobgoblin closely misses you. The hobgoblin hits you.
* * * LOW HITPOINT WARNING * * *
The hobgoblin hits you.
* * * LOW HITPOINT WARNING * * *
The hobgoblin closely misses you. The hobgoblin hits you.
* * * LOW HITPOINT WARNING * * *
The hobgoblin completely misses you. The hobgoblin hits you.
You die...

#.........+
#.#....####
# #.#.##
#.#.# #>..#
##..# # #..#
#.##..###
#..@....#
##g#........
#.#..#.####
#.#......
#.##.#.#...
#. .#.####
#. .. . #.
.. ##


You could see a hobgoblin.

Vanquished Creatures
  2 ball pythons (D:1)
  2 bats (D:1)
  An endoplasm (D:2)
  A giant cockroach (D:1)
  3 goblins (D:1)
  A hobgoblin (D:1)
  4 jackals (D:1)
  4 kobolds (D:1)
  2 quokkas (D:1)
  2 frilled lizards (D:1)
  A rat (D:1)
23 creatures vanquished.

Notes
Turn   | Place    | Note
-------+----------+-------------------------------------------
     0 | Abyss:1  | polve the Demonspawn Abyssal Knight began the quest for the
                  | Orb.
     0 | Abyss:1  | Reached XP level 1. HP: 18/18 MP: 2/2
    54 | Abyss:1  | Found a corrupted altar of Lugonu.
   219 | Abyss:1  | Found a corrupted altar of Lugonu.
   257 | D:1      | Escaped the Abyss
   712 | D:1      | Discovered your monstrous ancestry.
   712 | D:1      | Gained mutation: You have a pair of small horns on your
                  | head. [demonic ancestry]
   712 | D:1      | Reached XP level 2. HP: 22/24 MP: 3/3
   739 | D:1      | Reached ** piety under Lugonu
   811 | D:1      | Found Seruci's Magic Scroll Boutique.
  2361 | D:2      | Gained mutation: You regenerate magic rapidly. [demonic
                  | ancestry]
  2361 | D:2      | Reached XP level 3. HP: 25/29 MP: 4/4
  2434 | D:2      | HP: 1/29 [hobgoblin (1)]
  2436 | D:2      | Slain by a hobgoblin

Illustrated notes

Levels and vault maps discovered:
D:1:      psy_arrival_radial02, layout_basic, serial_glass, glass_columns_c,
          glass_columns_a, serial_shops, nicolae_shop_trees, dk_noncrumbling_2
D:2:      layout_loops_corners, chequers_ecumenical_altar_island,
          amethyst_killhole, kennysheep_generic_room_10, uniq_sigmund

Skill      XL: |  1  2 |
---------------+-------+-----
Short Blades   | 2 3 |  3.2
Fighting       | |  3.0
Armour         | |  1.7
Dodging        | |  0.8
Invocations    | |  2.4

Action                   || total
-------------------------++-------
Melee: Short sword       ||    54
       Dagger            ||     8
       Headbutt          ||     4
Invok: Depart the Abyss  ||     1
 Stab: Sleeping          ||     2
Armor: Leather armour    ||    13
Dodge: Dodged            ||    39

Table legend: (Time is in decaauts)
 A = Elapsed time spent in this place.
 B = Non-inter-level travel time spent in this place.
 C = Inter-level travel time spent in this place.
 D = Time resting spent in this place.
 E = Time spent auto-exploring this place.
 F = Levels seen in this place.
 G = Mean time per level.
                   A        B        C        D        E       F      G
               +--------+--------+--------+--------+--------+-----+--------+
         Total |   2425 |   2414 |     11 |      0 |   2210 |   3 |  808.3 |
       Dungeon |   2168 |   2157 |     11 |      0 |   1955 |   2 | 1084.0 |
         Abyss |    257 |    257 |      0 |      0 |    255 |   1 |  257.0 |
               +--------+--------+--------+--------+--------+-----+--------+

Top non-repeatable levels by time:
     D:1: 2086 daAuts
 Abyss:1: 257 daAuts
     D:2: 82 daAuts
